 Dungeon Crawl Stone Soup version 0.18-a0-1774-gce1f7b6 (webtiles) character file.

587994 Moloch the Sorcerer (level 27, -5/164 HPs)
             Began as an Octopode Fire Elementalist on Apr 15, 2016.
             Was the Champion of Vehumet.
             Slain by a juggernaut (52 damage)
             ... on level 16 of a ziggurat.
             The game lasted 06:11:35 (76540 turns).

Moloch the Sorcerer (Octopode Fire Elementalist)   Turns: 76540, Time: 06:11:35

Health: -5/164     AC:  1    Str: 13    XL:     27
Magic:  80/81      EV: 22    Int: 31    God:    Vehumet [******]
Gold:   2894       SH:  0    Dex: 15    Spells: 10 memorised, 1 level left

rFire  + + +     SeeInvis +     r - staff of power
rCold  + + .     Gourm    .     (no shield)
rNeg   + . .     Faith    .     (helmet restricted)
rPois  +         Spirit   .     w - amulet of regeneration
rElec  +         Dismiss  .     s - +4 ring of intelligence
rCorr  .         Reflect  .     X - ring of protection from cold
SustAt .         Harm     .     J - ring of fire
MR     ++...                    G - ring "Nugham" {rElec rC+ EV+2 SInv}
Stlth  +++.......               o - ring of protection from fire
                                d - ring of positive energy
                                W - ring of Werchod {Wiz rF+ MP+9 Str+3}
                                u - ring of Wiplueso {rPois MP+9 Dex+2}

@: deflect missiles, very resistant to hostile enchantments, fairly stealthy
A: almost no armour, amphibious, 8 rings, constrict 8, camouflage 1, cold
resistance 1, fire resistance 1, gelatinous body 1
a: Renounce Religion
}: 2/15 runes: barnacled, gossamer


You were on level 16 of a ziggurat.
You worshipped Vehumet.
Vehumet was exalted by your worship.
You were very hungry.

You visited 9 branches of the dungeon, and saw 44 of its levels.
You visited 1 ziggurat, and saw 16 of its levels.
You also visited: Ice Cave.

You collected 6758 gold pieces.
You spent 3864 gold pieces at shops.

Inventory:

Armour
 t - a +2 shield of resistance
Magical Staves
 r - an uncursed staff of power (weapon)
 U - an uncursed staff of fire
Jewellery
 a - an uncursed ring of sustain attributes
 d - a ring of positive energy (on tentacle)
 o - a ring of protection from fire (on tentacle)
 s - a +4 ring of intelligence (left tentacle)
 u - the ring of Wiplueso (on tentacle) {rPois MP+9 Dex+2}
   (You found it on level 4 of the Shoals)

   [ring of magical power]

   It affects your dexterity (+2).
   It protects you from poison.
   It affects your magic capacity (+9).
 w - an amulet of regeneration (around mantle)
 y - an uncursed ring of flight
 G - the ring "Nugham" (on tentacle) {rElec rC+ EV+2 SInv}
   (You found it on level 11 of a ziggurat)

   [ring of evasion]

   It affects your evasion (+2).
   It protects you from cold.
   It insulates you from electricity.
   It lets you see invisible.
 J - a ring of fire (on tentacle)
 W - the ring of Werchod (on tentacle) {Wiz rF+ MP+9 Str+3}
   (You found it on level 15 of a ziggurat)

   [ring of wizardry]

   It improves your spell success rate.
   It affects your strength (+3).
   It protects you from fire.
   It affects your magic capacity (+9).
 X - a ring of protection from cold (right tentacle)
Wands
 g - a wand of teleportation (8/9)
 v - a wand of hasting (2/9)
 H - a wand of hasting (5/9)
 N - a wand of digging (6/24)
 S - a wand of heal wounds (1/9)
Scrolls
 h - 12 scrolls of fog
 i - 6 scrolls of blinking
 k - 11 scrolls of identify
 m - 14 scrolls of teleportation
 q - 2 scrolls of summoning
 x - 14 scrolls of enchant weapon
 B - 10 scrolls of remove curse
 D - 5 scrolls of fear
 F - a scroll of silence
 K - 2 scrolls of torment
 M - 6 scrolls of recharging
 O - 7 scrolls of holy word
 P - 9 scrolls of amnesia
 Q - 5 scrolls of magic mapping
 T - 6 scrolls of enchant armour
Potions
 c - 4 potions of heal wounds
 e - 4 potions of might
 f - 11 potions of cancellation
 z - 14 potions of curing
 E - 10 potions of flight
 I - 11 potions of brilliance
 L - 3 potions of haste
 R - a potion of cure mutation
 V - a potion of berserk rage
Books
 l - a book of the Sky

   Spells                             Type                      Level
   a - Summon Lightning Spire         Summoning/Air                4
   b - Airstrike                      Air                          4
   c - Silence                        Hexes/Air                    5
   d - Deflect Missiles               Charms/Air                   6
   e - Conjure Ball Lightning         Conjuration/Air              6
   f - Tornado                        Air                          9
 C - the Handbook of Changing
   (You found it on level 6 of a ziggurat)

   Spells                             Type                      Level
   a - Beastly Appendage              Transmutation                1
   b - Spider Form                    Transmutation/Poison         3
   c - Ice Form                       Ice/Transmutation            4
   d - Blade Hands                    Transmutation                5
   e - Dragon Form                    Transmutation                7
Miscellaneous
 p - an ornate deck of changes {the Blade}
 A - a legendary deck of summoning {Foxfire}
Comestibles
 b - a chunk of flesh
 j - 17 meat rations


   Skills:
 - Level 8.0 Fighting
 - Level 12.3 Dodging
 - Level 2.6 Stealth
 * Level 8.3 Shields
 + Level 21.9 Spellcasting
 - Level 20.9 Conjurations
 * Level 10.0 Charms
 * Level 12.5 Necromancy
 - Level 20.5 Fire Magic
 - Level 7.4 Air Magic
 - Level 8.4 Poison Magic


You had one spell level left.
You knew the following spells:

 Your Spells              Type           Power        Failure   Level  Hunger
a - Fire Storm            Conj/Fire      ########..   2%          9    ######.
b - Borgnjor's Revivific  Necr           #######...   16%         8    ####...
c - Orb of Destruction    Conj           ########..   1%          7    #......
d - Bolt of Fire          Conj/Fire      ########..   1%          6    None
e - Necromutation         Trmt/Necr      ######....   99%         8    ####...
f - Poison Arrow          Conj/Pois      #######...   1%          6    None
g - Sublimation of Blood  Necr           #######...   0%          2    None
h - Deflect Missiles      Chrm/Air       ######....   1%          6    None
i - Death's Door          Chrm/Necr      #######...   38%         8    ####...
j - Controlled Blink      Tloc           N/A          100%        8    ####...


Dungeon Overview and Level Annotations

Branches:
Dungeon (15/15)            Temple (1/1) D:5            Lair (8/8) D:9
 Shoals (4/4) Lair:6       Spider (4/4) Lair:6        Slime (0/6) Lair:6
    Orc (2/2) D:10            Elf (3/3) Orc:2        Vaults (5/5) D:14
  Crypt (0/3) Vaults:3     Depths (2/5) D:15

Altars:
Ashenzari
Cheibriados
Dithmenos
Elyvilon
Fedhas
Gozag
Kikubaaqudgha
Makhleb
Nemelex Xobeh
Okawaru
Pakellas
Qazlal
Ru
Sif Muna
Trog
Vehumet
Xom
Yredelemnul
Zin
The Shining One
Beogh
Jiyva

Shops:
D:8 *   D:10 (   D:13 ((}[[   Orc:2 ?%?(   Elf:1 =   Shoals:4 !   Vaults:2 :
Vaults:4 !(}!}

Portals:
Hell: Depths:1 Depths:2

Annotations:
D:3 namelastname112's ghost, amateur VSAs
D:5 Prince Ribbit
D:7 Dowan
Lair:3 exclusion: downstairs, M4edhros's ghost, journeyman OpNe
Lair:5 exclusion: downstairs
Lair:7 exclusion: downstairs
Vaults:3 exclusion: downstairs


Innate Abilities, Weirdness & Mutations

You cannot wear most types of armour.
You are amphibious.
You can wear up to eight rings at the same time.
You can use your tentacles to constrict eight enemies at once.
Your skin changes colour to match your surroundings (Stealth).
Your rubbery body absorbs attacks (AC +1).
Your flesh is cold resistant.
Your flesh is heat resistant.


Message History

Vehumet accepts your kill.
Your fire vortex dissipates!
Your fire vortex hits the orc sorcerer.
Your fire vortex burns the orc sorcerer!
Your fire vortex dissipates!
The stone giant is engulfed in roaring flames. x2
Something hits your fire vortex.
The orc warrior hits your fire vortex with a dire flail!!
You continue eating.
Your fire vortex hits the stone giant.
Your fire vortex burns the stone giant!
Your fire vortex dissipates!
The stone giant is engulfed in roaring flames.
The stone giant rages.
Your fire vortex hits the stone giant.
Your fire vortex burns the stone giant!
Your fire vortex dissipates!
The juggernaut hits you!!!!
Ouch! That really hurt!
* * * LOW HITPOINT WARNING * * *
The juggernaut hits you!!!
You die...

▓▓▓▓▓▓▓▓▓▓▓▓▓
▓...........▓
▓...........▓
▓...........▓
▓........v..▓
▓§.v.C@.....▓▓▓▓▓▓▓▓▓
§§§v.................▓
O†§.Cv...............▓
§§§§)................▓
T§vvv§v..............▓
o§v§C†...............▓
T§§§§§..............∩▓
o§§§v§.v.............▓
§.§§§..............▓


You could see a juggernaut (berserk), 2 iron trolls, 2 stone giants, an orc
sorcerer, an orc warrior, an ogre and 11 friendly fire vortices.

Vanquished Creatures
  5 juggernauts (Zig:16)
  Sojobo (Depths:1)
  Norris (Vaults:1)
  2 golden dragons (Zig:15)
  Arachne (Spider:3)
  A tentacled monstrosity (Vaults:4)
  4 deep elf master archers
  2 liches
  5 deep elf blademasters
  Polyphemus (Shoals:2)
  A kraken (Shoals:1)
  A titan (Zig:15)
  A tentacled starspawn (Zig:7)
  A quicksilver dragon (shapeshifter) (Vaults:4)
  Gastronok (Lair:2)
  4 sphinxes
  2 tengu reavers (Depths:1)
  Ilsuiw (Shoals:4)
  2 greater nagas (Zig:6)
  A draconian monk (Zig:4)
  2 azure jellies (Zig:8)
  9 vault wardens
  A frost giant (Zig:15)
  11 deep elf sorcerers
  5 ghost moths
  A draconian scorcher (Zig:4)
  10 emperor scorpions
  A fire giant (Vaults:4)
  2 orc warlords
  A draconian shifter (Zig:4)
  4 deep elf elementalists
  11 stone giants
  13 ironheart preservers
  10 very ugly things
  A starcursed mass (Zig:7)
  Nessos (Orc:2)
  11 deep elf demonologists
  3 salamander stormcallers
  A chaos champion (Zig:5)
  14 deep elf annihilators
  A dire elephant (D:15)
  2 spark wasps (Zig:14)
  A green death (Zig:10)
  15 merfolk javelineers
  4 deep elf death magi (Elf:3)
  2 fire dragons
  2 ettins
  A crystal guardian (Vaults:3)
  7 deep elf high priests
  9 merfolk impalers
  33 vault guards
  6 great orbs of eyes
  12 yaktaur captains
  5 entropy weavers
  Harold (D:10)
  7 ice dragons
  A naga warrior (Zig:6)
  10 hydras
  An alligator snapping turtle (Shoals:3)
  5 merfolk avatars
  2 catoblepae
  10 centaur warriors
  7 ogre magi
  7 merfolk aquamancers
  33 dancing weapons
  13 death yaks
  4 tengu warriors (Depths:2)
  2 hell hogs (shapeshifter)
  A vampire mage (Depths:2)
  3 deep troll shamans
  6 orc high priests
  4 satyrs
  A deep troll earth mage (Depths:2)
  A storm dragon zombie (Vaults:2)
  Sonja (D:10)
  A shock serpent (Zig:6)
  A soul eater (Zig:7)
  24 deep elf knights
  4 hell knights (Depths:2)
  A spriggan (Zig:10)
  4 shadow wraiths
  4 iron trolls
  A fire crab (Zig:15)
  15 sea snakes
  A storm dragon skeleton (Vaults:1)
  3 giant orange brains
  A salamander mystic (Vaults:4)
  3 unseen horrors (shapeshifter)
  12 deep trolls
  2 unseen horrors
  7 hill giants
  A swamp dragon (Zig:10)
  12 ironbrand convokers
  2 shambling mangroves (Zig:10)
  31 deep elf archers
  9 necromancers
  Pikel (D:7)
  2 phantasmal warriors (Vaults:4)
  9 hornets
  16 griffons
  11 harpies
  22 orb spiders
  A stone giant zombie (Vaults:1)
  21 orc knights
  14 orc sorcerers
  An oklob plant (Lair:1)
  3 salamanders
  86 deep elf magi
  34 wolf spiders
  40 ugly things
  9 cyclopes
  11 fauns
  A shining eye (Zig:8)
  12 manticores
  22 elephants
  An eye of devastation (Zig:8)
  9 moths of wrath
  17 sirens
  A centaur zombie (D:15)
  An octopode (shapeshifter) (Elf:1)
  11 black mambas
  5 torpor snails
  2 apocalypse crabs (Zig:5)
  A frost giant skeleton (Vaults:2)
  A guardian serpent (shapeshifter) (Vaults:2)
  2 naga magi (Zig:6)
  18 water nymphs
  An ice statue (Zig:16)
  2 smoke demons
  3 gargoyles
  13 vault sentinels
  12 spiny frogs
  2 komodo dragons (shapeshifter)
  3 efreet
  5 freezing wraiths
  3 rime drakes
  3 centaur skeletons
  3 yaktaur zombies
  A redback zombie (Vaults:2)
  38 yaktaurs
  24 demonic crawlers
  A kobold demonologist (Vaults:3)
  13 komodo dragons
  2 ancient zymes (Zig:7)
  The ghost of Wizbit the Ducker, an amateur TrFi of Trog (D:4)
  2 trolls (shapeshifter)
  A queen bee (shapeshifter) (Zig:7)
  11 polar bears
  8 trolls
  38 jumping spiders
  A wind drake (Lair:6)
  A polar bear (shapeshifter) (Depths:2)
  2 tengu conjurers (D:14)
  16 two-headed ogres
  3 giant leeches
  44 merfolk
  5 bog bodies (Zig:10)
  11 snapping turtles
  37 blink frogs
  22 slime creatures
  5 raiju (Lair:8)
  A snapping turtle (shapeshifter) (D:15)
  A sphinx simulacrum (Vaults:1)
  8 boulder beetles
  An ushabti (Zig:1)
  82 redbacks
  4 air elementals
  A shadow (D:14)
  5 wraiths
  A ynoxinul (Depths:2)
  4 wyverns
  2 basilisks
  20 water elementals
  26 tarantellas
  A human (shapeshifter) (Elf:1)
  A human (D:10)
  A yak (shapeshifter) (Vaults:4)
  12 hippogriffs
  4 hungry ghosts
  2 large abominations (Zig:7)
  A hippogriff (shapeshifter) (Vaults:3)
  46 yaks
  5 fire elementals
  17 vampire mosquitoes
  5 steam dragons
  2 chaos spawn
  A yaktaur simulacrum (Vaults:2)
  2 insubstantial wisps (Zig:10)
  15 wargs
  3 soldier ants
  2 mottled dragons (Lair:8)
  A soldier ant (shapeshifter) (Vaults:4)
  16 water moccasins
  2 water moccasins (shapeshifter)
  Duvessa (D:7)
  3 hell hounds (Lair:8)
  An ettin simulacrum (Vaults:2)
  6 swamp drakes
  49 orc warriors
  5 ice beasts
  7 porcupines
  2 slaves (D:8)
  2 necrophages
  3 phantoms
  10 wasps
  An ogre (shapeshifter) (Vaults:3)
  An eye of draining (Zig:8)
  17 black bears
  6 human zombies
  28 wolves
  3 boggarts (Vaults:3)
  38 ogres
  17 centaurs
  19 crocodiles
  3 big kobolds
  20 giant frogs
  3 human skeletons
  A wyvern zombie (D:8)
  2 earth elementals
  A small abomination (Zig:7)
  4 scorpions
  A wyvern skeleton (D:6)
  A boulder beetle zombie (Vaults:1)
  16 killer bees
  An orc simulacrum (Vaults:2)
  9 wights
  13 howler monkeys
  3 electric eels
  8 crimson imps
  2 giant frog zombies
  A quasit (D:8)
  3 human simulacra (Vaults:2)
  Crazy Yiuf (D:3)
  20 hounds
  3 jellies
  23 orc priests
  3 giant frog skeletons
  12 worker ants
  Ijyb (D:3)
  7 iguanas
  35 orc wizards
  18 sheep
  4 hound skeletons
  4 mummies (Zig:1)
  2 howler monkey zombies
  A worker ant zombie (D:7)
  78 river rats
  11 adders
  4 shadow imps
  A white imp (Depths:1)
  2 oozes
  2 adder zombies
  6 worms
  2 dart slugs
  4 giant geckos
  118 orcs
  4 bats
  6 giant cockroaches
  6 goblins
  8 hobgoblins
  19 jackals
  4 quokkas
  2 ball pythons (D:3)
  A ball python skeleton (D:4)
  7 giant newts
  A jackal zombie (D:8)
  17 kobolds
  A quokka skeleton (D:6)
  7 rats
  A spectral orc (D:3)
  4 bushes
  2 crawling corpses (Zig:13)
  3 fungi
  10 plants
  2 tentacles
2304 creatures vanquished.

Vanquished Creatures (collateral kills)
  An acid blob (Zig:8)
  An emperor scorpion (Spider:4)
  A vault warden (Vaults:3)
  An orc warlord (Zig:16)
  A very ugly thing (Vaults:3)
  A vault guard (Vaults:3)
  2 yaktaur captains
  An entropy weaver (Spider:3)
  A dancing weapon (Elf:3)
  A giant orange brain (Vaults:4)
  An orc knight (Vaults:4)
  A griffon (Vaults:3)
  2 deep elf magi
  A slime creature (Zig:8)
  An orb spider (Spider:4)
  A jumping spider (Zig:14)
  A boulder beetle (Vaults:3)
  7 redbacks
  A wasp (Spider:4)
  A boggart (shapeshifter) (Vaults:2)
  An orc priest (Vaults:4)
  2 orcs
  2 fungi (Elf:3)
33 creatures vanquished.

Vanquished Creatures (others)
  A fire giant (Vaults:5)
  2 polar bears (IceCv)
  A slave (D:10)
  2 wolves (IceCv)
  An orc wizard (Elf:1)
  A bush (Lair:8)
  411 fire vortices
  66 fungi
  77 plants
  6 tentacles
  72 tentacle segments
640 creatures vanquished.

Grand Total: 2977 creatures vanquished

Notes
Turn   | Place    | Note
--------------------------------------------------------------
     0 | D:1      | Moloch the Octopode Fire Elementalist began the quest for the Orb.
     0 | D:1      | Reached XP level 1. HP: 11/11 MP: 3/3
   186 | D:1      | Reached XP level 2. HP: 17/17 MP: 3/5
   760 | D:2      | Reached XP level 3. HP: 21/21 MP: 1/6
   765 | D:2      | Learned a level 3 spell: Conjure Flame
  1528 | D:2      | Reached XP level 4. HP: 22/27 MP: 3/7
  2080 | D:3      | Noticed Ijyb
  2236 | D:3      | Learned a level 4 spell: Sticky Flame
  2262 | D:3      | Reached XP level 5. HP: 28/31 MP: 0/9
  2440 | D:3      | Noticed namelastname112's ghost (amateur VSAs)
  2527 | D:3      | Reached skill level 3 in Spellcasting
  2620 | D:3      | Killed Ijyb
  2766 | D:3      | Noticed Crazy Yiuf
  2772 | D:3      | Killed Crazy Yiuf
  2772 | D:3      | Reached XP level 6. HP: 36/36 MP: 1/10
  3434 | D:3      | Found a basalt altar of Yredelemnul.
  3589 | D:4      | Noticed Wizbit's ghost (amateur TrFi)
  3672 | D:4      | Killed Wizbit's ghost
  3672 | D:4      | Reached skill level 5 in Conjurations
  3672 | D:4      | Reached XP level 7. HP: 41/41 MP: 1/12
  3777 | D:4      | Reached skill level 4 in Spellcasting
  3937 | D:4      | Learned a level 5 spell: Fireball
  4051 | D:4      | Reached skill level 5 in Fire Magic
  4631 | D:5      | Entered Level 5 of the Dungeon
  4664 | D:5      | Noticed Prince Ribbit
  4929 | D:5      | Reached XP level 8. HP: 46/46 MP: 7/15
  5119 | D:5      | Found a staircase to the Ecumenical Temple.
  5145 | Temple   | Entered the Ecumenical Temple
  5175 | Temple   | Became a worshipper of Vehumet
  5267 | D:5      | Reached skill level 5 in Spellcasting
  5355 | D:5      | Noticed a moth of wrath
  5571 | D:5      | Found a bloodstained altar of Trog.
  6392 | D:6      | Reached * piety under Vehumet
  6392 | D:6      | Offered knowledge of Magic Dart by Vehumet.
  6392 | D:6      | Reached XP level 9. HP: 51/51 MP: 11/17
  6395 | D:6      | Learned a level 1 spell: Magic Dart
  6510 | D:6      | You fall through a shaft for 3 floors!
  6585 | D:9      | Reached skill level 6 in Spellcasting
  6730 | D:7      | Noticed Pikel
  7561 | D:6      | Found a blossoming altar of Fedhas.
  7582 | D:6      | Offered knowledge of Sting by Vehumet.
  7679 | D:7      | Reached ** piety under Vehumet
  7821 | D:7      | Noticed Duvessa
  7821 | D:7      | Noticed Dowan
  7831 | D:7      | Killed Duvessa
  8506 | D:7      | Killed Pikel
  8506 | D:7      | Reached skill level 7 in Spellcasting
  8571 | D:7      | Reached XP level 10. HP: 56/56 MP: 12/20
  9193 | D:8      | Found Arhod's Assorted Antiques.
  9662 | D:9      | Found a staircase to the Lair.
 10202 | D:9      | Noticed a centaur warrior
 10219 | D:9      | Killed a centaur warrior
 10219 | D:9      | Reached skill level 10 in Conjurations
 10373 | D:9      | Reached skill level 8 in Spellcasting
 10885 | Lair:1   | Entered Level 1 of the Lair of Beasts
 11116 | Lair:1   | Noticed a spiny frog
 11135 | Lair:1   | Killed a spiny frog
 11222 | Lair:1   | Noticed a spiny frog
 11239 | Lair:1   | Killed a spiny frog
 11242 | Lair:1   | Noticed an oklob plant
 11277 | Lair:1   | Reached XP level 11. HP: 42/61 MP: 4/23
 12124 | Lair:1   | Killed an oklob plant
 12124 | Lair:1   | Reached skill level 10 in Fire Magic
 12341 | Lair:2   | Found a frozen archway.
 12494 | Lair:2   | Noticed Gastronok
 12716 | IceCv    | Entered an ice cave
 12810 | Lair:2   | Reached skill level 9 in Spellcasting
 12836 | Lair:2   | Offered knowledge of Static Discharge by Vehumet.
 13114 | Lair:2   | Learned a level 6 spell: Poison Arrow
 13838 | Lair:2   | Reached skill level 1 in Poison Magic
 13949 | Lair:2   | Reached *** piety under Vehumet
 14700 | Lair:3   | Reached XP level 12. HP: 38/66 MP: 15/25
 14790 | Lair:3   | Noticed M4edhros's ghost (journeyman OpNe)
 15160 | Lair:2   | Killed Gastronok
 15448 | Lair:3   | Learned a level 6 spell: Poisonous Cloud
 15557 | Lair:3   | Offered knowledge of Throw Icicle by Vehumet.
 15952 | Lair:3   | Reached skill level 10 in Spellcasting
 16222 | Lair:3   | Reached skill level 5 in Poison Magic
 17125 | Lair:4   | Noticed a catoblepas
 17178 | Lair:4   | Reached skill level 1 in Air Magic
 17178 | Lair:4   | Reached **** piety under Vehumet
 17246 | Lair:4   | Killed a catoblepas
 17519 | Lair:4   | Offered knowledge of Force Lance by Vehumet.
 17525 | Lair:4   | Reached XP level 13. HP: 71/71 MP: 20/27
 17752 | Lair:4   | Reached skill level 11 in Spellcasting
 18476 | Lair:5   | Found a shattered altar of Ashenzari.
 18834 | Lair:5   | Reached ***** piety under Vehumet
 19265 | Lair:5   | Learned a level 9 spell: Fire Storm
 19768 | Lair:6   | Offered knowledge of Freezing Cloud by Vehumet.
 19878 | Lair:6   | Found a hole to the Spider Nest.
 20025 | Lair:6   | Found a viscous altar of Jiyva.
 20032 | Lair:6   | Found a staircase to the Slime Pits.
 20060 | Lair:6   | Found a staircase to the Shoals.
 20465 | Lair:6   | Reached skill level 12 in Spellcasting
 21641 | Lair:6   | Reached XP level 14. HP: 61/76 MP: 6/30
 23246 | Lair:8   | Entered Level 8 of the Lair of Beasts
 23443 | Lair:8   | Reached skill level 13 in Spellcasting
 23759 | Lair:8   | Offered knowledge of Bolt of Magma by Vehumet.
 24020 | Lair:8   | Found a snail-covered altar of Cheibriados.
 26962 | Lair:8   | Reached XP level 15. HP: 81/81 MP: 22/32
 28331 | Lair:1   | Learned a level 6 spell: Deflect Missiles
 28336 | Lair:1   | Gained mutation: You are partially covered in rough black scales (AC +4, Dex -1). [potion of mutation]
 28336 | Lair:1   | Gained mutation: You are agile. (Dex +2) [potion of mutation]
 28336 | Lair:1   | Gained mutation: You are frail (-10% HP). [potion of mutation]
 28337 | Lair:1   | Gained mutation: One of your tentacles bears a spike. [potion of mutation]
 28337 | Lair:1   | Gained mutation: You expend magic power (3 MP) to strengthen your wands. [potion of mutation]
 28338 | Lair:1   | Gained mutation: Your magical capacity is low (-10% MP). [potion of mutation]
 28338 | Lair:1   | Gained mutation: You are very agile. (Dex +4) [potion of mutation]
 28359 | D:10     | Entered Level 10 of the Dungeon
 28364 | D:10     | Noticed Harold
 28366 | D:10     | Killed Harold
 28572 | D:10     | Found Masuofeu's Antique Weapon Shop.
 28908 | D:10     | Reached skill level 15 in Conjurations
 29003 | D:10     | Found a staircase to the Orcish Mines.
 29015 | Orc:1    | Entered Level 1 of the Orcish Mines
 29020 | Orc:1    | Found a roughly hewn altar of Beogh.
 29125 | Orc:2    | Entered Level 2 of the Orcish Mines
 29133 | Orc:2    | Offered knowledge of Lightning Bolt by Vehumet.
 29478 | Orc:1    | Reached skill level 1 in Charms
 29609 | Orc:1    | Reached skill level 5 in Air Magic
 30246 | Orc:2    | Paralysed by an orc sorcerer for 3 turns
 30416 | Orc:2    | Found a staircase to the Elven Halls.
 30513 | Orc:2    | Noticed Nessos
 31455 | Orc:2    | Found Zamnue's Weapon Shop.
 31462 | Orc:2    | Found Igeudetewn's Food Shoppe.
 31463 | Orc:2    | Found Waeph's Magic Scroll Shop.
 31464 | Orc:2    | Found Ellara's Magic Scroll Shoppe.
 31482 | Orc:2    | Bought a scroll of magic mapping for 56 gold pieces
 31703 | Orc:2    | Killed Nessos
 31957 | Orc:2    | Noticed an orc warlord
 31979 | Orc:2    | Killed an orc warlord
 32287 | D:10     | Noticed Sonja
 32672 | D:10     | Killed Sonja
 33395 | D:11     | Offered knowledge of Bolt of Fire by Vehumet.
 33849 | D:12     | Reached skill level 1 in Shields
 34632 | D:12     | Reached skill level 14 in Spellcasting
 35112 | D:12     | Learned a level 6 spell: Bolt of Fire
 35450 | D:13     | Found Kaygoe's Gadget Shop.
 35723 | D:13     | Found Jygacs's Antique Armour Emporium.
 35730 | D:13     | Found Fuil's Antique Weapon Shop.
 35932 | D:13     | Found Ydanyevi's Armour Shoppe.
 36375 | D:13     | Found a roughly hewn altar of Beogh.
 36897 | D:13     | Found Pootowome's Weapon Emporium.
 37091 | D:14     | Reached XP level 16. HP: 39/77 MP: 14/30
 37679 | D:14     | Offered knowledge of Delayed Fireball by Vehumet.
 37783 | D:14     | Gained mutation: You are weak. (Str -2) [mutagenic meat]
 37785 | D:14     | Gained mutation: You have supernaturally acute eyesight. [mutagenic meat]
 37798 | D:14     | Found a shattered altar of Ashenzari.
 37801 | D:14     | Lost mutation: You are weak. (Str -2) [mutagenic meat]
 37802 | D:14     | Gained mutation: You are covered in fur (AC +1). [mutagenic meat]
 38304 | D:14     | Identified Sif Muna's Catalogue of Changing
 38656 | D:14     | Found a gate to the Vaults.
 38786 | D:15     | Entered Level 15 of the Dungeon
 39263 | D:15     | Gained mutation: You are partially covered in large bone plates (AC +2, SH +2). [mutagenic meat]
 39265 | D:15     | Gained mutation: You are partially covered in iridescent scales (AC +4). [mutagenic meat]
 39266 | D:15     | Lost mutation: You have supernaturally acute eyesight. [mutagenic meat]
 39268 | D:15     | Gained mutation: You are somewhat resistant to further mutation. [mutagenic meat]
 39269 | D:15     | Gained mutation: You are occasionally teleported next to monsters. [mutagenic meat]
 39271 | D:15     | Lost mutation: You are frail (-10% HP). [potion of cure mutation]
 39271 | D:15     | Lost mutation: You are somewhat resistant to further mutation. [potion of cure mutation]
 39271 | D:15     | Lost mutation: One of your tentacles bears a spike. [potion of cure mutation]
 39271 | D:15     | Lost mutation: You are covered in fur (AC +1). [potion of cure mutation]
 39271 | D:15     | Lost mutation: You are very agile. (Dex +4) [potion of cure mutation]
 39295 | D:15     | Gained mutation: You can translocate small distances at will. [mutagenic meat]
 39296 | D:15     | Lost mutation: You are partially covered in rough black scales (AC +4, Dex -1). [mutagenic meat]
 39297 | D:15     | Gained mutation: You are weak. (Str -2) [mutagenic meat]
 39320 | D:15     | Gained mutation: You are dopey. (Int -2) [mutagenic meat]
 39758 | D:15     | Found a staircase to the Depths.
 40061 | D:15     | Reached skill level 5 in Charms
 40102 | D:15     | Gained mutation: Your natural rate of healing is unusually fast. [mutagenic meat]
 40687 | D:15     | Identified a scroll of acquirement
 40693 | D:15     | Gained mutation: You are somewhat resistant to further mutation. [potion of beneficial mutation]
 40776 | D:12     | Offered knowledge of Orb of Destruction by Vehumet.
 41097 | Spider:1 | Entered Level 1 of the Spider Nest
 43106 | Elf:1    | Entered Level 1 of the Elven Halls
 43215 | Elf:1    | Found a radiant altar of Vehumet.
 43597 | Elf:1    | Learned a level 7 spell: Orb of Destruction
 43783 | Elf:1    | Reached XP level 17. HP: 90/90 MP: 21/32
 43988 | Elf:1    | Found Wimauc's Jewellery Shop.
 43991 | Elf:1    | Identified a +0 rod of shadows (10/10) (You found it on level 1 of the Elven Halls)
 44000 | Elf:1    | Bought an uncursed ring of wizardry for 570 gold pieces
 44000 | Elf:1    | Bought an uncursed ring of see invisible for 285 gold pieces
 44002 | Elf:1    | Bought an uncursed amulet of regeneration for 570 gold pieces
 44173 | Elf:1    | Reached skill level 15 in Spellcasting
 44622 | D:8      | Bought a potion of mutation for 82 gold pieces
 44622 | D:8      | Lost mutation: You can translocate small distances at will. [potion of mutation]
 44622 | D:8      | Gained mutation: Your body sometimes deteriorates upon taking damage. [potion of mutation]
 44798 | Shoals:1 | Entered Level 1 of the Shoals
 45449 | Shoals:1 | Reached ****** piety under Vehumet
 45449 | Shoals:1 | Offered knowledge of Spellforged Servitor by Vehumet.
 45653 | Shoals:1 | Noticed a kraken
 45666 | Shoals:1 | Killed a kraken
 46430 | Shoals:2 | Noticed Polyphemus
 47008 | Shoals:2 | Found a shadowy altar of Dithmenos.
 47033 | Shoals:2 | HP: 4/90 [merfolk/trident (17)]
 47779 | Shoals:2 | Killed Polyphemus
 48598 | Shoals:3 | Reached skill level 15 in Fire Magic
 48876 | Shoals:3 | Offered knowledge of Lehudib's Crystal Spear by Vehumet.
 48876 | Shoals:3 | Offered knowledge of Shatter by Vehumet.
 48876 | Shoals:3 | Offered knowledge of Chain Lightning by Vehumet.
 49249 | Shoals:3 | Noticed a kraken
 49443 | Shoals:3 | Reached skill level 16 in Spellcasting
 49507 | Shoals:4 | Entered Level 4 of the Shoals
 49749 | Shoals:4 | Noticed Ilsuiw
 49761 | Shoals:4 | Reached XP level 18. HP: 82/96 MP: 10/34
 50546 | Shoals:4 | Found Iqecuif's Distillery.
 51754 | Shoals:4 | Killed Ilsuiw
 52339 | Shoals:4 | Identified the Reference Book on Assistive Battle Magic
 53174 | Shoals:4 | Got a barnacled rune of Zot
 53328 | Shoals:4 | Got a crude golden ring
 53955 | Vaults:1 | Entered Level 1 of the Vaults
 54620 | Vaults:1 | Identified the ring of Wiplueso {rPois MP+9 Dex+2} (You found it on level 4 of the Shoals)
 54627 | Vaults:1 | Gained mutation: Your system is resistant to poisons. [mutagenic meat]
 55249 | Vaults:1 | Noticed Norris
 55292 | Vaults:1 | Killed Norris
 55292 | Vaults:1 | Reached XP level 19. HP: 99/100 MP: 10/35
 55526 | Vaults:1 | Lost mutation: Your natural rate of healing is unusually fast. [mutagenic meat]
 55862 | Vaults:1 | Reached skill level 17 in Spellcasting
 56741 | Vaults:2 | Lost mutation: Your magical capacity is low (-10% MP). [mutagenic meat]
 56923 | Vaults:2 | Found Era Zotimo's Book Shop.
 56993 | Vaults:2 | Gained mutation: You are partially covered in icy blue scales (AC +1). [mutagenic meat]
 57026 | Vaults:2 | Paralysed by a sphinx for 3 turns
 57510 | Vaults:2 | Gained mutation: You are resistant to hostile enchantments. [mutagenic meat]
 57511 | Vaults:2 | Gained mutation: Your magical capacity is low (-10% MP). [mutagenic meat]
 58953 | Vaults:3 | Reached XP level 20. HP: 106/106 MP: 37/37
 58992 | Vaults:3 | Lost mutation: You are dopey. (Int -2) [mutagenic meat]
 59364 | Vaults:3 | Found a staircase to the Crypt.
 59710 | Vaults:3 | Lost mutation: You are weak. (Str -2) [mutagenic meat]
 60713 | Vaults:4 | Reached skill level 1 in Fighting
 60863 | Vaults:4 | Gained mutation: Your flesh is cold resistant. [mutagenic meat]
 61388 | Vaults:4 | Reached skill level 18 in Spellcasting
 61391 | Vaults:4 | Found Amyos's Antique Weapon Shoppe.
 62115 | Vaults:4 | Found Puesina's Gadget Boutique.
 62145 | Vaults:4 | Lost mutation: Your system is resistant to poisons. [mutagenic meat]
 62247 | Vaults:4 | Found Boboesatza's Distillery.
 62264 | Vaults:4 | Bought a potion of cure mutation for 425 gold pieces
 62264 | Vaults:4 | Lost mutation: You expend magic power (3 MP) to strengthen your wands. [potion of cure mutation]
 62264 | Vaults:4 | Lost mutation: You are somewhat resistant to further mutation. [potion of cure mutation]
 62264 | Vaults:4 | Lost mutation: You are resistant to hostile enchantments. [potion of cure mutation]
 62264 | Vaults:4 | Lost mutation: You are occasionally teleported next to monsters. [potion of cure mutation]
 62264 | Vaults:4 | Lost mutation: You are partially covered in large bone plates (AC +2, SH +2). [potion of cure mutation]
 62765 | Vaults:4 | Paralysed by an ogre mage for 3 turns
 62941 | Vaults:4 | Found Win Xoeh's Gadget Emporium.
 62948 | Vaults:4 | Reached skill level 5 in Dodging
 62948 | Vaults:4 | Reached XP level 21. HP: 118/118 MP: 21/38
 63408 | Vaults:4 | Found Vuikh's Distillery.
 65084 | Elf:2    | Found a runed gate.
 65089 | Elf:2    | Found a runed gate.
 65089 | Elf:2    | Found a runed gate.
 65780 | Elf:2    | Reached skill level 5 in Fighting
 65943 | Elf:3    | Entered Level 3 of the Elven Halls
 66127 | Elf:3    | Found an ancient bone altar of Kikubaaqudgha.
 66162 | Elf:3    | Reached skill level 19 in Spellcasting
 66476 | Elf:3    | Reached XP level 22. HP: 130/130 MP: 40/40
 66966 | Elf:3    | Got a serpentine lead ring
 67159 | Elf:3    | Identified the ring of Hospitality {rPois Slay+4} (You took it off a deep elf annihilator on level 3 of the Elven Halls)
 67316 | Elf:3    | Learned a level 2 spell: Sublimation of Blood
 67325 | Elf:3    | Identified The Intricacies of Magic
 67982 | Vaults:2 | Bought a Necronomicon for 1876 gold pieces
 68003 | Vaults:2 | Learned a level 8 spell: Necromutation
 68012 | Vaults:2 | Learned a level 8 spell: Death's Door
 68275 | Depths:1 | Entered Level 1 of the Depths
 68290 | Depths:1 | Found a gateway to Hell.
 68311 | Depths:1 | Noticed Sojobo
 68317 | Depths:1 | Killed Sojobo
 68575 | Depths:1 | Gained mutation: You are occasionally teleported next to monsters. [mutagenic glow]
 68691 | Depths:1 | Found a glowing golden altar of the Shining One.
 69137 | Depths:2 | Found a gateway to a ziggurat.
 69761 | Vaults:5 | Entered Level 5 of the Vaults
 69936 | Vaults:5 | Reached XP level 23. HP: 102/139 MP: 26/42
 69953 | Vaults:5 | Reached skill level 20 in Spellcasting
 70182 | Vaults:4 | Gained mutation: Your system is resistant to poisons. [potion of beneficial mutation]
 70431 | Vaults:1 | Reached skill level 10 in Dodging
 71012 | Spider:2 | Reached skill level 1 in Necromancy
 72078 | Spider:3 | Noticed Arachne
 72490 | Spider:3 | Killed Arachne
 73083 | Spider:4 | Entered Level 4 of the Spider Nest
 74548 | Spider:4 | Got a gossamer rune of Zot
 75274 | Zig:1    | Entered Level 1 of a ziggurat
 75314 | Zig:2    | Entered Level 2 of a ziggurat
 75335 | Zig:3    | Entered Level 3 of a ziggurat
 75399 | Zig:4    | Entered Level 4 of a ziggurat
 75528 | Zig:5    | Entered Level 5 of a ziggurat
 75545 | Zig:5    | Identified the Tome of the Arsonist and Conjuration
 75561 | Zig:5    | Learned a level 8 spell: Borgnjor's Revivification
 75572 | Zig:5    | Identified the Handbook of Quantum Execration
 75576 | Zig:5    | Gained mutation: One of your tentacles bears a spike. [mutagenic meat]
 75577 | Zig:5    | Gained mutation: Your flesh is very cold resistant. [mutagenic meat]
 75578 | Zig:5    | Lost mutation: Your body sometimes deteriorates upon taking damage. [mutagenic meat]
 75585 | Zig:5    | Gained mutation: You are frail (-10% HP). [mutagenic meat]
 75589 | Zig:5    | Reached XP level 24. HP: 133/133 MP: 42/42
 75598 | Zig:6    | Entered Level 6 of a ziggurat
 75602 | Zig:6    | Reached XP level 25. HP: 137/137 MP: 42/42
 75620 | Zig:6    | Identified the Handbook of Changing
 75650 | Zig:7    | Entered Level 7 of a ziggurat
 75671 | Zig:7    | Reached XP level 26. HP: 143/143 MP: 42/42
 75687 | Zig:7    | Gained mutation: You possess an exceptional clarity of mind. [mutagenic meat]
 75698 | Zig:7    | Lost mutation: You possess an exceptional clarity of mind. [potion of cure mutation]
 75698 | Zig:7    | Lost mutation: You are agile. (Dex +2) [potion of cure mutation]
 75698 | Zig:7    | Lost mutation: One of your tentacles bears a spike. [potion of cure mutation]
 75698 | Zig:7    | Lost mutation: You are frail (-10% HP). [potion of cure mutation]
 75721 | Zig:8    | Entered Level 8 of a ziggurat
 75800 | Zig:9    | Entered Level 9 of a ziggurat
 75806 | Zig:9    | Reached skill level 5 in Shields
 75874 | Zig:9    | Reached skill level 10 in Necromancy
 75874 | Zig:9    | Reached XP level 27. HP: 164/164 MP: 42/42
 75890 | Zig:10   | Entered Level 10 of a ziggurat
 75939 | Zig:10   | Identified the Tome of the Scorching Escort
 75964 | Zig:11   | Entered Level 11 of a ziggurat
 75997 | Zig:11   | Got a crude platinum ring
 75999 | Zig:11   | Identified the ring "Nugham" {rElec rC+ EV+2 SInv} (You found it on level 11 of a ziggurat)
 76038 | Zig:12   | Entered Level 12 of a ziggurat
 76076 | Zig:12   | Identified Eserghu's Advanced Secret Knowledge
 76143 | Zig:13   | Entered Level 13 of a ziggurat
 76155 | Zig:13   | Reached skill level 21 in Spellcasting
 76190 | Zig:13   | Identified Sif Muna's Collected Works on Creative Air
 76193 | Zig:13   | Identified Lee's Collected Works on Earthen Confrontation
 76219 | Zig:13   | Learned a level 8 spell: Controlled Blink
 76224 | Zig:14   | Entered Level 14 of a ziggurat
 76300 | Zig:14   | Lost mutation: Your system is resistant to poisons. [potion of cure mutation]
 76300 | Zig:14   | Lost mutation: You are partially covered in iridescent scales (AC +4). [potion of cure mutation]
 76300 | Zig:14   | Lost mutation: You are occasionally teleported next to monsters. [potion of cure mutation]
 76300 | Zig:14   | Lost mutation: Your magical capacity is low (-10% MP). [potion of cure mutation]
 76300 | Zig:14   | Lost mutation: Your flesh is very cold resistant. [potion of cure mutation]
 76300 | Zig:14   | Lost mutation: You are partially covered in icy blue scales (AC +1). [potion of cure mutation]
 76301 | Zig:14   | Gained mutation: Your flesh is heat resistant. [potion of beneficial mutation]
 76406 | Zig:15   | Entered Level 15 of a ziggurat
 76461 | Zig:15   | Got a slimy marble ring
 76462 | Zig:15   | Identified the ring of Werchod {Wiz rF+ MP+9 Str+3} (You found it on level 15 of a ziggurat)
 76518 | Zig:16   | Entered Level 16 of a ziggurat
 76530 | Zig:16   | Noticed a juggernaut
 76531 | Zig:16   | Noticed a juggernaut
 76532 | Zig:16   | Noticed a juggernaut
 76533 | Zig:16   | Noticed a juggernaut
 76533 | Zig:16   | Killed a juggernaut
 76534 | Zig:16   | Noticed a juggernaut
 76535 | Zig:16   | Killed a juggernaut
 76535 | Zig:16   | Killed a juggernaut
 76535 | Zig:16   | Killed a juggernaut
 76536 | Zig:16   | Noticed a juggernaut
 76538 | Zig:16   | Killed a juggernaut
 76538 | Zig:16   | Reached skill level 10 in Charms
 76540 | Zig:16   | Slain by a juggernaut

Vault maps used:
D:1:      noname_arrival_rooms_in_the_neighbourhood, minmay_misc_feat_diagonals,
          serial_bayou_crossing
D:3:      yredelemnul_forgotten_temple_becter, uniq_crazy_yiuf_cottage,
          uniq_iyjb
D:5:      tgw_trog, minmay_temple_entry_grid, first_bread, uniq_prince_ribbit1
D:6:      minmay_opposing_rooms, fedhas_altar_4
D:7:      grunt_decor_cap, uniq_pikel, uniq_duvessa
D:8:      serial_shops, shop_fountains
D:9:      david_lair_shrubbed, hangedman_decor_clover_reticule
D:10:     david_orc_4, serial_shops, shop, grunt_pizzeria, feat_on_display,
          uniq_harold, uniq_sonja
D:12:     spider_trap, bh_walls_and_bars
D:13:     special_room, serial_shops, shop_coins, shop, shop,
          nicolae_shop_waterfront, shop
D:14:     david_vaults_5, evilmike_ruin_ashenzari
D:15:     hangedman_depths_entry_try_elsewhere_first
Temple:   grunt_circular_temple_18
Lair:1:   minmay_lair_oklob_bushes
Lair:2:   portal_ice_cave_entry_pillars_01, uniq_gastronok
Lair:4:   st_stairs_7, grunt_megastairs_2
Lair:5:   basic_altar
Lair:6:   minmay_shoals_entry_hut, nicolae_spider_entry_orb_guardian,
          slime_altar_1
Lair:8:   hangedman_lair_caniforms_friends, guppyfry_lair_end_dragon,
          columned_hall_lemuel, kennysheep_snail_temple
Shoals:2: hangedman_feature_mirror, nicolae_shoals_isolated_beach,
          uniq_polyphemus
Shoals:4: shoals_end_hangedman, shoal_ilsuiw, serial_shops, shop,
          nicolae_shoals_cliffside_cave
Spider:1: spider_trap, nicolae_spider_webs_and_nodes
Spider:2: hangedman_spider_trapstep
Spider:3: uniq_arachne
Spider:4: guppyfry_spider_rune
Orc:1:    basic_altar
Orc:2:    st_orc_elflike, uniq_nessos
Elf:1:    eino_elf_arrival_altar, serial_shops, nicolae_shop_stone, orc_legates
Elf:2:    minivault_19
Elf:3:    minmay_elf_hall_dome, grunt_ministairs_11, lemuel_statue_altar
Vaults:1: hangedman_vaults_restitches, grunt_vaults_focal, v_misc_26,
          vaults_mumra_chevron, hangedman_vaults_corner_blocks, v_alt_pattern_3,
          nicolae_vaults_mini_display_case, v_misc_12, nicolae_vaults_meeting,
          ontoclasm_vaults_decontamination, grunt_vaults_hallway_short,
          uniq_norris
Vaults:2: hangedman_vaults_restitches, hangedman_vaults_trim,
          ontoclasm_vaults_gateway, hangedman_vaults_unwind, vaults_dpeg_cross,
          v_misc_30, vaults_room_glass_cross, ontoclasm_vaults_shuriken,
          serial_shops, nicolae_shop_statue_plus
Vaults:3: hangedman_vaults_stagger, minmay_crypt_entry_nasty_monster,
          grunt_vaults_hallway_long, nicolae_vaults_little_squares_2,
          vaults_dpeg_diagonal, hangedman_vaults_stitches, v_rooms_4,
          vaults_room_hallway, nicolae_vaults_arrows,
          nicolae_vaults_ring_of_whatevers
Vaults:4: nicolae_vaults_alarming, vaults_mumra_lcd, st_lattice,
          hangedman_vaults_corner_blocks, ontoclasm_vaults_pinch,
          v_alt_pattern_6, hangedman_vaults_nails, vaults_room_pool,
          v_pattern_5, hangedman_vaults_variations, hangedman_vaults_capsules,
          nicolae_vaults_circle_grid_b, serial_shops, nicolae_shop_stone,
          nicolae_shop_statue_plus, nicolae_shop_stone,
          nicolae_shop_behind_doors, nicolae_shop_behind_doors
Depths:1: hangedman_glass_teeth, hangedman_coc_ice_floe,
          mumra_transporter_accident, tso_metal_star, uniq_sojobo
Depths:2: evilmike_pillar_path, enter_ziggurat_b, rand_demon_pan_entry_7,
          hell_entry, kennysheep_small_square
Zig:8:    ziggurat_loot_2
Zig:9:    ziggurat_pillar_centre_c
Zig:14:   ziggurat_pillar_centre_dead_trees
IceCv:    ice_cave_caverns_02

Skill      XL: |  1  2  3  4  5  6  7  8  9 10 11 12 13 14 15 16 17 18 19 20 21 22 23 24 25 26 27 |
---------------+----------------------------------------------------------------------------------+-----
Conjurations   | 2 3 4 5 6 7 9 10 11 12 13 14 15 16 17 18 19 20 | 20.9
Fire Magic     | 4 5 6 7 9 11 12 13 14 15 16 17 18 19 20 | 20.5
Spellcasting   | 3 4 5 7 8 9 10 12 13 14 16 17 18 19 20 21 | 21.9
Poison Magic   | 3 6 8 |  8.4
Air Magic      | 2 4 6 7 |  7.4
Charms         | 4 5 7 10 | 10.0
Shields        | 2 4 5 8 |  8.3
Fighting       | 3 5 6 8 |  8.0
Dodging        | 5 7 9 11 12 | 12.3
Necromancy     | 6 8 10 12 | 12.5
Stealth        | |  2.6

Action                   |  1- 3 |  4- 6 |  7- 9 | 10-12 | 13-15 | 16-18 | 19-21 | 22-24 | 25-27 || total
-------------------------+-------+-------+-------+-------+-------+-------+-------+-------+-------++-------
Melee: Spear             |       |     5 |       |       |       |       |       |       |       ||     5
       Quarterstaff      |       |     2 |    23 |    18 |    47 |       |       |       |       ||    90
       Tentacles         |       |     1 |     3 |     3 |    16 |    17 |     6 |     3 |       ||    49
       Constrict         |       |       |     5 |     5 |    12 |    13 |     4 |     4 |       ||    43
       Staff             |       |       |       |       |    18 |    50 |    18 |    11 |       ||    97
       Kick              |       |       |       |       |    15 |     2 |       |       |       ||    17
Throw: Stone             |     2 |     5 |       |     1 |       |       |       |       |       ||     8
 Cast: Flame Tongue      |    61 |    84 |   207 |   235 |       |       |       |       |       ||   587
       Sticky Flame      |       |     1 |    23 |    71 |    92 |     8 |       |       |       ||   195
       Conjure Flame     |       |     7 |     6 |    20 |     1 |     6 |       |       |       ||    40
       Magic Dart        |       |       |    14 |    26 |    27 |    30 |       |       |       ||    97
       Fireball          |       |       |     3 |    63 |    88 |       |       |       |       ||   154
       Poison Arrow      |       |       |       |    22 |   224 |   194 |   133 |    13 |       ||   586
       Poisonous Cloud   |       |       |       |       |   179 |   111 |    15 |       |       ||   305
       Bolt of Fire      |       |       |       |       |    25 |   294 |   130 |    91 |       ||   540
       Orb of Destructio |       |       |       |       |       |    17 |    20 |    23 |     1 ||    61
       Deflect Missiles  |       |       |       |       |       |     6 |     4 |     1 |       ||    11
       Fire Storm        |       |       |       |       |       |     2 |   131 |   163 |    57 ||   353
       Sublimation of Bl |       |       |       |       |       |       |       |     1 |       ||     1
Evoke: Wand              |       |       |       |     4 |       |       |     2 |     4 |       ||    10
  Use: Scroll            |       |       |     7 |     8 |    22 |    28 |     8 |    14 |     5 ||    92
       Potion            |       |       |     1 |     1 |     6 |     8 |     5 |    14 |     6 ||    41
 Stab: Distracted        |       |       |       |     1 |       |       |       |       |       ||     1
  Eat: Chunk             |     2 |     7 |    17 |    45 |   129 |   135 |   158 |    58 |    19 ||   570
       Beef jerky        |       |       |     1 |       |     1 |     3 |     1 |     1 |     1 ||     8
       Pizza             |       |       |       |     1 |    10 |     1 |       |     2 |       ||    14
       Fruit             |       |       |       |     2 |     6 |     7 |       |     5 |       ||    20
       Royal jelly       |       |       |       |       |     2 |    13 |     1 |     1 |     2 ||    19
       Bread ration      |       |       |       |       |     1 |     4 |     7 |     7 |       ||    19
       Meat ration       |       |       |       |       |       |       |       |     2 |       ||     2
Armor: Skin              |     1 |     1 |     4 |     5 |    17 |    42 |    11 |     5 |     3 ||    89
Dodge: Dodged            |    11 |    21 |    51 |    42 |    86 |   129 |    57 |    75 |     9 ||   481
       Deflected         |       |       |       |       |       |    33 |    20 |     5 |     1 ||    59
Block: Buckler           |       |       |       |       |       |    78 |    36 |    20 |       ||   134
       Other             |       |       |       |       |       |     2 |       |       |       ||     2
